 Dungeon Crawl Stone Soup version 0.29.1-15-g9cfb28693d (webtiles) character file.

Game seed: 11280304777664557662

4414 dakadakadaka the Cruncher (level 10, -3/74 HPs)
             Began as a Demonspawn Gladiator on Apr 20, 2023.
             Slain by a vampire mosquito (7 damage)
             ... on level 10 of the Dungeon.
             The game lasted 00:20:19 (3642 turns).

dakadakadaka the Cruncher (Demonspawn Gladiator)    Turns: 3642, Time: 00:20:19

Health: -3/74      AC: 27    Str: 23    XL:     10   Next: 14%
Magic:  0/10       EV: 10    Int:  9    God:
Gold:   336        SH:  0    Dex: 17    Spells: 9/9 levels left

rFire   x . .      SeeInvis +   K - +2 falchion (protect)
rCold   . . .      Faith    .   (no shield)
rNeg    . . .      Spirit   +   p - +9 chain mail of Gehenna {Fly rF- SInv Stlth-}
rPois   .          Reflect  .   (helmet restricted)
rElec   .          Harm     .   (no cloak)
rCorr   .          Rampage  .   (no gloves)
Will    +....                   r - +0 pair of boots
Stlth   ..........              g - amulet "Fegatai" {Spirit Will+ Regen+}
HPRegen 1.02/turn               j - +6 ring of strength
MPRegen 0.12/turn               (no ring)

@: under a protective aura, flying
A: antennae 2, demonic guardian 1, powered by death 1, demonic touch 1
a: no special abilities


You were on level 10 of the Dungeon.
You visited 1 branch of the dungeon, and saw 9 of its levels.

You collected 336 gold pieces.

Inventory:

Hand Weapons
 a - a +0 long sword
 f - a +0 dagger
 q - a +5 quarterstaff
 y - a +3 falchion
 A - a +4 hand axe
 B - a +4 long sword
 K - a +2 falchion of protection (weapon)
Missiles
 d - 3 throwing nets (quivered)
 e - a javelin
Armour
 b - a +0 leather armour
 c - a +0 helmet
 h - a +0 leather armour
 l - a +0 scale mail
 p - the +9 chain mail of Gehenna (worn) {Fly rF- SInv Stlth-}
   (You took it off an orc on level 3 of the Dungeon)

   rF:        It makes you vulnerable to fire.
   SInv:      It lets you see invisible.
   Fly:       It grants you flight.
   Stlth:     It makes you less stealthy.
 r - a +0 pair of boots (worn)
 I - +0 steam dragon scales
Jewellery
 g - the amulet "Fegatai" (around neck) {Spirit Will+ Regen+}
   (You found it on level 2 of the Dungeon)

   [amulet of guardian spirit]

   It causes incoming damage to be divided between your reserves of health and
   magic.
   Regen:     It increases your rate of health regeneration.
   Will:      It increases your willpower.
 j - a +6 ring of strength (left hand)
Wands
 s - a wand of flame (6)
 C - a wand of mindburst (4)
 E - a wand of roots (7)
Scrolls
 i - a scroll of enchant weapon {unknown}
 u - 2 scrolls of blinking {unknown}
 v - a scroll of immolation {unknown}
 w - 3 scrolls of summoning {unknown}
 D - a scroll of brand weapon {unknown}
 F - 2 scrolls of teleportation {unknown}
 G - a scroll of amnesia {unknown}
 H - a scroll of magic mapping {unknown}
 J - 3 scrolls of identify {unknown}
Potions
 m - 4 potions of heal wounds {unknown}
 n - 2 potions of curing {unknown}
 o - 2 potions of attraction {unknown}
 t - 2 potions of mutation {unknown}
 z - 2 potions of degeneration {unknown}
 L - a potion of invisibility {unknown}
Miscellaneous
 x - a piece from Xom's chessboard (15/15)


   Skills:
 + Level 5.5 Fighting
 + Level 6.1 Long Blades
 + Level 8.3 Staves
 + Level 2.0 Throwing
 + Level 6.4 Armour
 + Level 4.7 Dodging
 + Level 1.1 Stealth


You had 9 spell levels left.
You didn't know any spells.
Your spell library was empty.

Dungeon Overview and Level Annotations

Branches:
Dungeon (10/15)
 Temple: D:4-7         Lair: D:8-11         Orc: D:9-12

Altars:
Cheibriados
Gozag
Qazlal
Ru
Xom


Innate Abilities, Weirdness & Mutations

You have a pair of antennae on your head.
A weak demonic guardian rushes to your aid.
You regenerate a little health from kills.
Your touch may inflict minor irresistible damage on your foes.


Message History

The puff of frost hits the vampire mosquito!
The vampire mosquito attacks as you move away!
The vampire mosquito barely misses you.
The vampire mosquito attacks as you move away!
The vampire mosquito bites you.
* * * LOW HITPOINT WARNING * * *
The vampire mosquito draws strength from your injuries!
Found 15 gold pieces and a fizzy green potion.
Your white imp gestures at the vampire mosquito.
The puff of frost hits the vampire mosquito.
Your white imp gestures at the vampire mosquito.
The puff of frost hits the vampire mosquito!
The vampire mosquito bites your white imp!
The vampire mosquito completely misses your white imp.
The vampire mosquito bites you.
* * * LOW HITPOINT WARNING * * *
The vampire mosquito draws strength from your injuries!
Your white imp gestures at the vampire mosquito.
The puff of frost hits the vampire mosquito.
Unknown command.
Unknown command.
The vampire mosquito closely misses you.
The vampire mosquito bites you.
* * * LOW HITPOINT WARNING * * *
The vampire mosquito draws strength from your injuries!
The vampire mosquito bites your white imp.
Your white imp dies!
Your white imp disappears in a puff of smoke!
Your white imp gestures at the vampire mosquito.
The puff of frost hits the vampire mosquito!
The vampire mosquito buzzes angrily.
You hit the vampire mosquito.
Your weapon exudes an aura of protection.
You touch the vampire mosquito!
The vampire mosquito is heavily damaged.
The vampire mosquito bites you!
* * * LOW HITPOINT WARNING * * *
The vampire mosquito draws strength from your injuries!
The vampire mosquito bites you!
You die...

####.. .......
##...#............!..
##..........:.........
#..$....#.............
#.......#...........#
#.........!........$##
##.....#<.............
#........†..y........#
#.........5.yy@...#
#.........:......[.#
##......#.............
#.................###
#..................#
#..............$...#
#....................
#................>.#.


You could see 3 vampire mosquitoes and a friendly white imp (summoned).

Vanquished Creatures
  Pikel (D:7)
  Grinder (D:4)
  6 yaks (D:6)
  A vampire mosquito (D:10)
  2 steam dragons
  2 acid dragons
  The ghost of Seidenschwarz the Conjurer, an amateur DECj (D:3)
  2 ice beasts
  3 sky beasts
  2 ogres
  A phantom (D:6)
  A kobold brigand (D:8)
  Blork the orc (D:6)
  2 scorpions (D:6)
  2 bullfrogs
  9 wights
  5 killer bees (D:8)
  A hound (D:3)
  A jelly (D:6)
  4 iguanas
  Ijyb (D:4)
  Terence (D:3)
  2 orc wizards
  2 adders (D:2)
  3 gnolls (D:7)
  2 worms
  A dart slug (D:2)
  18 orcs
  5 ball pythons
  3 bats
  5 endoplasms
  7 giant cockroaches
  3 goblins
  4 hobgoblins
  16 kobolds
  6 quokkas
  3 frilled lizards
  4 rats
  A butterfly (D:6)
135 creatures vanquished.

Vanquished Creatures (collateral kills)
  A gnoll (D:7)
1 creature vanquished.

Grand Total: 136 creatures vanquished

Notes
Turn   | Place    | Note
-------+----------+-------------------------------------------
     0 | D:1      | dakadakadaka the Demonspawn Gladiator began the quest for
                  | the Orb.
     0 | D:1      | Reached XP level 1. HP: 16/16 MP: 1/1
    93 | D:1      | Discovered your monstrous ancestry.
    93 | D:1      | Gained mutation: Your touch may inflict minor irresistible
                  | damage on your foes. [demonic ancestry]
    93 | D:1      | Reached XP level 2. HP: 17/22 MP: 2/2
   467 | D:2      | Identified the amulet "Fegatai" {Spirit Will+ Regen+}
   508 | D:2      | Reached XP level 3. HP: 27/27 MP: 3/3
   925 | D:3      | Gained mutation: You have a pair of small antennae on your
                  | head. [demonic ancestry]
   925 | D:3      | Reached XP level 4. HP: 25/34 MP: 2/4
   999 | D:3      | Reached skill level 1 in Armour
  1030 | D:3      | Noticed Terence
  1041 | D:3      | Killed Terence
  1042 | D:3      | Reached XP level 5. HP: 32/39 MP: 1/5
  1161 | D:3      | Found a sacrificial altar of Ru.
  1336 | D:3      | Found a runed translucent gate.
  1336 | D:3      | Noticed Seidenschwarz's ghost (amateur DECj)
  1338 | D:3      | Identified the +9 chain mail of Gehenna {Fly rF- SInv
                  | Stlth-}
  1345 | D:3      | Found a runed translucent gate.
  1346 | D:3      | Found a runed translucent gate.
  1385 | D:3      | Killed Seidenschwarz's ghost
  1390 | D:3      | Gained mutation: A weak demonic guardian rushes to your
                  | aid. [demonic ancestry]
  1390 | D:3      | Reached XP level 6. HP: 45/46 MP: 3/6
  1573 | D:4      | Noticed Ijyb
  1583 | D:4      | Killed Ijyb
  1614 | D:4      | Reached skill level 1 in Staves
  1738 | D:4      | Noticed Grinder
  1738 | D:4      | Paralysed by Grinder for 5 turns
  1776 | D:4      | Killed Grinder
  1777 | D:4      | Reached skill level 5 in Long Blades
  1777 | D:4      | Reached skill level 2 in Staves
  1777 | D:4      | Gained mutation: You regenerate a little health from kills.
                  | [demonic ancestry]
  1777 | D:4      | Reached XP level 7. HP: 31/52 MP: 3/7
  2060 | D:4      | You are sucked into a shaft and drop 2 floors!
  2066 | D:6      | Found a shimmering altar of Xom.
  2107 | D:6      | Noticed Blork the orc
  2121 | D:6      | Killed Blork the orc
  2122 | D:6      | Reached skill level 3 in Staves
  2272 | D:6      | Noticed a yak
  2272 | D:6      | Noticed a yak
  2284 | D:6      | Killed a yak
  2285 | D:6      | Reached skill level 4 in Staves
  2285 | D:6      | Reached XP level 8. HP: 52/60 MP: 5/8
  2304 | D:6      | Reached skill level 5 in Staves
  2314 | D:6      | Reached skill level 1 in Stealth
  2318 | D:6      | Reached skill level 6 in Staves
  2418 | D:6      | Reached XP level 9. HP: 66/66 MP: 9/9
  2443 | D:6      | Reached skill level 5 in Armour
  2575 | D:7      | Reached skill level 7 in Staves
  2660 | D:7      | Noticed Pikel
  2675 | D:7      | Killed Pikel
  2676 | D:7      | Reached skill level 5 in Fighting
  2886 | D:7      | Reached skill level 8 in Staves
  3144 | D:8      | Found an opulent altar of Gozag.
  3177 | D:8      | Found a snail-covered altar of Cheibriados.
  3229 | D:8      | Found a stormy altar of Qazlal.
  3296 | D:8      | Gained mutation: You have a pair of antennae on your head.
                  | [demonic ancestry]
  3296 | D:8      | Reached XP level 10. HP: 45/74 MP: 4/10
  3619 | D:10     | Entered Level 10 of the Dungeon
  3642 | D:10     | Slain by a vampire mosquito

Illustrated notes

Levels and vault maps discovered:
D:1:      dpeg_arrival_morbid_curiosity, layout_basic, minmay_misc_feat_columns,
          hex_intersection
D:2:      minmay_skewed_foursquare, layout_basic, eino_curves_04,
          minmay_goblin_outpost
D:3:      layout_basic, nicolae_ru_sacrificial_ziggurat,
          biasface_ghost_orc_armoury, minivault_14, uniq_terence
D:4:      layout_layer_cave, uniq_grinder, uniq_ijyb
D:6:      layout_basic, xom_butterflies, minmay_temple_entry_fiery,
          serial_shops, shop, nicolae_elevator_lobby_plus, uniq_blork_the_orc
D:7:      layout_gridville, mainiacjoe_overflow_catwalk, minmay_starry_boxes,
          uniq_pikel
D:8:      kennysheep_housing_project, layout_loops_ring, cheibriados_altar_2,
          nicolae_qazlal_style_of_elements, lemuel_coloured_pillars_altar,
          nicolae_two_hexagons, minmay_tree_intersection, fountainhead
D:9:      layout_grid_maze
D:10:     layout_rooms, lemuel_crystal_altar

Skill      XL: |  1  2  3  4  5  6  7  8  9 10 |
---------------+-------------------------------+-----
Long Blades    | 3 4 5 6 |  6.1
Dodging        | 3 4 |  4.7
Throwing       | 2 |  2.0
Armour         | 1 2 3 4 6 |  6.4
Staves         | 2 4 6 8 |  8.3
Fighting       | 3 4 5 |  5.5
Stealth        | 1 |  1.1

Action                   |  1- 3 |  4- 6 |  7- 9 | 10-12 || total
-------------------------+-------+-------+-------+-------++-------
Melee: Long sword        |    75 |    75 |    77 |       ||   227
       Touch             |     7 |    15 |    20 |    10 ||    52
       Punch             |     1 |       |     2 |       ||     3
       Quarterstaff      |       |    39 |   149 |       ||   188
       Falchion          |       |       |    45 |    38 ||    83
Throw: Throwing net      |     1 |       |       |       ||     1
  Use: Potion            |       |       |       |     1 ||     1
 Stab: Sleeping          |     1 |       |       |       ||     1
Armor: Leather armour    |    31 |    14 |       |       ||    45
       Scale mail        |       |    24 |       |       ||    24
       Chain mail        |       |    20 |   187 |    73 ||   280
Dodge: Dodged            |    63 |    49 |   156 |    62 ||   330
